 Dungeon Crawl Stone Soup version 0.25-a0-158-g59b9092 (console) character file.

Game seed: 2941968662541447936, levelgen mode: deterministic

78 swinepaste the Vexing (level 4, -3/18 HPs)
             Began as a Vampire Enchanter on Nov 20, 2019.
             Slain by Crazy Yiuf
             ... wielding a +4 quarterstaff of chaos
              (15 damage)
             ... on level 2 of the Dungeon.
             The game lasted 00:06:17 (2910 turns).

swinepaste the Vexing (Vampire Enchanter)           Turns: 2910, Time: 00:06:22

Health: -3/18      AC:  2    Str:  7    XL:     4   Next: 15%
Magic:  6/8        EV: 12    Int: 18    God:
Gold:   77         SH:  0    Dex: 14    Spells: 2/8 levels left

rFire    . . .     SeeInvis +   a - +1 dagger
rCold    + + .     Gourm    .   (no shield)
rNeg     + + +     Faith    .   b - +0 robe
rPois    ∞         Spirit   .   (no helmet)
rElec    .         Reflect  .   (no cloak)
rCorr    .         Harm     .   (no gloves)
MR       .....                  (no boots)
Stlth    +++++.....             (no amulet)
HPRegen  0.00/turn              (no ring)
MPRegen  0.11/turn              (no ring)

@: lethally poisoned (-3 -> -3), bloodless
A: no food, fangs 3, see invisible, [frail 2], unbreathing
a: Bat Form, Revivify


You were on level 2 of the Dungeon.
You were bloodless.

You visited 1 branch of the dungeon, and saw 2 of its levels.

You collected 77 gold pieces.

Inventory:

Hand Weapons
 a - a +1 dagger (weapon)
Armour
 b - a +0 robe (worn)
Scrolls
 c - 2 scrolls of enchant armour {unknown}
 e - 2 scrolls of identify {unknown}
 f - a scroll of noise {unknown}
 g - a scroll of remove curse {unknown}
Potions
 d - a potion of cancellation {unknown}


   Skills:
 - Level 1.1 Short Blades
 - Level 2.1 Dodging
 - Level 4.4 Stealth
 + Level 2.7 Spellcasting
 * Level 6.2 Hexes
 + Level 1.2 Ice Magic


You had 2 spell levels left.
You knew the following spells:

 Your Spells              Type           Power        Failure   Level  Hunger
a - Corona                Hex            ####...      1%          1    N/A
c - Confuse               Hex            ####....     3%          3    N/A
e - Ensorcelled Hibernat  Hex/Ice        ###...       5%          2    N/A

Your spell library contained the following spells:

 Spells                   Type           Power        Failure   Level  Hunger
 Tukima's Dance           Hex            ####....     3%          3    N/A
 Dazzling Spray           Conj/Hex       ##....       14%         3    N/A

Dungeon Overview and Level Annotations

Branches:
Dungeon (2/15)

Altars:

Annotations:
D:2 Crazy Yiuf


Innate Abilities, Weirdness & Mutations

You do not eat.
You do not regenerate when monsters are visible.
You are frail without blood (-20% HP).
You can heal yourself when you bite living creatures.
You are immune to poison.
You have razor-sharp teeth.
You have supernaturally acute eyesight. (SInv)
You can survive without breathing.
[You are very frail. (-20% HP)]


Message History

There is an open translucent door here.
You see here a mace.
Crazy Yiuf hits you but does no damage.
You see here a mace.
You see here a mace.
There is an open translucent door here.
Casting: Ensorcelled Hibernation (safe; 5% risk of failure)
Confirm with . or Enter, or press ? or * to list all spells.
Aiming: Ensorcelled Hibernation (safe; 5% risk of failure)
Press: ? - help, Shift-Dir - straight line, f - Crazy Yiuf
Aim: Crazy Yiuf, wielding a +4 quarterstaff of chaos and wearing a +0 cloak (chance to defeat MR: 54%) Crazy Yiuf looks drowsy...
The helpless Crazy Yiuf fails to defend himself.
You bite Crazy Yiuf, and draw his blood!
You puncture Crazy Yiuf! Your bite misses Crazy Yiuf.
Crazy Yiuf is severely wounded.
Crazy Yiuf hits you with a +4 quarterstaff of chaos.
You are electrocuted!
Ouch! That really hurt!
You die...

.###...####...)
#...#. #..#.
### #( ##..# #.
##..# ##### #.
#...# #).)# #.
#.#.# #)))# #.
#.#.. #)g)#
#.##. ##V##
##.### #)##
#..... ##)#
#<...( #)##
#..... ##)#
#..... ##)## .
#..... ##..)#
..###.....
#....#
..........
##..##
#.##.....


You could see Crazy Yiuf.

Vanquished Creatures
  Jessica (D:2)
  2 adders
  An ooze (D:1)
  A dart slug (D:1)
  4 giant cockroaches (D:1)
  5 goblins
  5 jackals (D:1)
  A quokka (D:2)
  2 bats
  A kobold (D:2)
  3 rats
26 creatures vanquished.

Notes
Turn   | Place    | Note
-------+----------+-------------------------------------------
     0 | D:1      | swinepaste the Vampire Enchanter began the quest for the
                  | Orb.
     0 | D:1      | Reached XP level 1. HP: 13/13 MP: 3/3
   181 | D:1      | Reached skill level 5 in Hexes
   181 | D:1      | Reached XP level 2. HP: 19/19 MP: 5/5
   377 | D:1      | Learned a level 2 spell: Ensorcelled Hibernation
  2260 | D:2      | Noticed Jessica
  2262 | D:2      | Killed Jessica
  2262 | D:2      | Reached XP level 3. HP: 19/19 MP: 3/6
  2275 | D:1      | Reached skill level 1 in Ice Magic
  2323 | D:1      | Reached skill level 6 in Hexes
  2684 | D:2      | Reached XP level 4. HP: 18/18 MP: 4/8
  2826 | D:2      | Learned a level 3 spell: Confuse
  2899 | D:2      | Found a runed translucent door.
  2900 | D:2      | Noticed Crazy Yiuf
  2910 | D:2      | Slain by Crazy Yiuf

Levels and vault maps discovered:
D:1:      roderic_dead_forest, layout_basic
D:2:      layout_rooms, uniq_crazy_yiuf_cottage, uniq_jessica

Skill      XL: |  1  2  3 |
---------------+----------+-----
Hexes          | 5 6 |  6.2
Ice Magic      | 1 |  1.2
Short Blades   | |  1.1
Dodging        | |  2.1
Stealth        | |  4.4
Spellcasting   | |  2.7

Action                   |  1- 3 |  4- 6 || total
-------------------------+-------+-------++-------
Melee: Dagger            |    62 |     9 ||    71
       Bite              |     2 |       ||     2
 Cast: Ensorcelled Hiber |     8 |     3 ||    11
 Abil: Exsanguinate      |     3 |       ||     3
       Revivify          |     2 |       ||     2
 Stab: Sleeping          |    10 |     5 ||    15
       Distracted        |     1 |       ||     1
Armor: Robe              |    14 |     1 ||    15
Dodge: Dodged            |    36 |     3 ||    39

Table legend:
 A = Non-vault XP
 B = Vault XP
 C = Vault XP percentage of total XP
 D = Non-vault monster count
 E = Vault monster count
 F = Vault count percentage of total count
                 A         B        C        D         E       F
            +---------+---------+-------+---------+---------+-------
      Total |      75 |      37 |  33.0 |      25 |       1 |   3.8
            +---------+---------+-------+---------+---------+-------
        D:1 |      54 |       0 |   0.0 |      19 |       0 |   0.0
        D:2 |      21 |      37 |  63.8 |       6 |       1 |  14.3
            +---------+---------+-------+---------+---------+-------
